TOP OF THE 1ST |
Mahoning Valley Scrappers batting - Pitching for Vermont Lake Monsters : RHP Aaron Vallejo
|
Pitching: RHP Aaron Vallejo
|
|
Batting: LHB John Harring
|
0-0: Ball 1-0: TRIPLE (Line Drive, 89XD, EV 106.9 MPH)
|
Batting: RHB Juan Padilla
|
0-0: Ball 1-0: Foul Ball, location: 2F 1-1: Ground out 5-3 (Groundball, 5S, EV 67.5 MPH)
|
Batting: RHB Ryan Gautney
|
0-0: Called Strike 0-1: DOUBLE (Line Drive, 7LS, EV 96.3 MPH) John Harring scores
|
Batting: LHB Devon Grant
|
0-0: Foul Ball, location: 2F 0-1: Foul Ball, location: 2F 0-2: Foul Ball, location: 2F 0-2: Foul Ball, location: 2F 0-2: Strikes out swinging
|
Batting: RHB Jeremy Givens
|
0-0: Called Strike 0-1: Ground out 4-3 (Groundball, 4, EV 86.9 MPH)
|
Top of the 1st over - 1 run, 2 hits, 0 errors, 1 left on base; Mahoning Valley 1 - Vermont 0 |
BOTTOM OF THE 1ST |
Vermont Lake Monsters batting - Pitching for Mahoning Valley Scrappers : RHP Joe Zeiset
|
Pitching: RHP Joe Zeiset
|
|
Batting: RHB Ricardo Mariscal
|
0-0: Ball 1-0: Foul Ball, location: 2F 1-1: Called Strike 1-2: Ball 2-2: Foul Ball, location: 2F 2-2: Ball 3-2: Base on Balls
|
Batting: RHB Carlos Martinez
|
0-0: Ball 1-0: Swinging Strike 1-1: Fielders Choice at 2nd, 4-6 (Groundball, 4, EV 83.8 MPH)
|
Batting: LHB Henry Hutson
|
0-0: Called Strike 0-1: Called Strike Carlos Martinez steals 2nd base (no throw) 0-2: Ball 1-2: Foul Ball, location: 2F 1-2: Strikes out swinging
|
Batting: LHB Cy Ostrowski
|
0-0: Ball 1-0: Foul Ball, location: 2F 1-1: Ball 2-1: Foul Ball, location: 2F 2-2: Strikes out swinging
|
Bottom of the 1st over - 0 runs, 0 hits, 0 errors, 1 left on base; Mahoning Valley 1 - Vermont 0 |
TOP OF THE 2ND |
Mahoning Valley Scrappers batting - Pitching for Vermont Lake Monsters : RHP Aaron Vallejo
|
Batting: RHB Andy Lewis
|
0-0: Swinging Strike 0-1: Ground out 4-3 (Groundball, 4, EV 89.4 MPH)
|
Batting: RHB Willie Gonzales
|
0-0: Ball 1-0: Swinging Strike 1-1: Foul Ball, location: 2F 1-2: Strikes out swinging
|
Batting: RHB Gashie Chimsima
|
0-0: Ball 1-0: Called Strike 1-1: Ball 2-1: Foul Ball, location: 2F 2-2: Ball 3-2: Ground out 6-3 (Groundball, 6M, EV 95.6 MPH)
|
Top of the 2nd over - 0 runs, 0 hits, 0 errors, 0 left on base; Mahoning Valley 1 - Vermont 0 |
BOTTOM OF THE 2ND |
Vermont Lake Monsters batting - Pitching for Mahoning Valley Scrappers : RHP Joe Zeiset
|
Batting: LHB Jose Zamarripa
|
0-0: Swinging Strike 0-1: Ball 1-1: Ball 2-1: Foul Ball, location: 2F 2-2: Strikes out swinging
|
Batting: LHB Youp van Erp
|
0-0: Called Strike 0-1: Ball 1-1: Ball 2-1: Foul Ball, location: 2F 2-2: Strikes out swinging
|
Batting: LHB Mario Cardona
|
0-0: Called Strike 0-1: SINGLE (Groundball, 4D, EV 106.9 MPH)
|
Batting: RHB Yasuzo Rin
|
0-0: Called Strike 0-1: Foul Ball, location: 2F 0-2: Ball Wild Pitch! Mario Cardona to second 1-2: SINGLE (Groundball, 56D, EV 96.9 MPH) Mario Cardona to third Runner from 3rd tries for Home, SAFE, throw by LF to home Yasuzo Rin to second
|
Batting: RHB Oscar Avila
|
0-0: Swinging Strike 0-1: Ball Wild Pitch! Yasuzo Rin to third 1-1: Fly out, F7 (Flyball, 7LS, EV 78.8 MPH)
|
Bottom of the 2nd over - 1 run, 2 hits, 0 errors, 1 left on base; Mahoning Valley 1 - Vermont 1 |
TOP OF THE 3RD |
Mahoning Valley Scrappers batting - Pitching for Vermont Lake Monsters : RHP Aaron Vallejo
|
Batting: LHB Tom Bemis
|
0-0: Called Strike 0-1: Foul Ball, location: 2F 0-2: Ball 1-2: Strikes out swinging passed ball, reaches first!
|
Batting: LHB John Harring
|
0-0: Ball Wild Pitch! Tom Bemis to second 1-0: Ground out 6-3 (Groundball, 56, EV 100.6 MPH)
|
Batting: RHB Juan Padilla
|
0-0: Called Strike 0-1: Swinging Strike 0-2: Ball 1-2: Ball 2-2: Strikes out swinging
|
Batting: RHB Ryan Gautney
|
0-0: Ball 1-0: Swinging Strike 1-1: Ball 2-1: DOUBLE (Flyball, 89XD, EV 102.5 MPH) Tom Bemis scores
|
Batting: LHB Devon Grant
|
0-0: Ball 1-0: Swinging Strike 1-1: Foul Ball, location: 2F 1-2: Strikes out swinging
|
Top of the 3rd over - 1 run, 1 hit, 0 errors, 1 left on base; Mahoning Valley 2 - Vermont 1 |
BOTTOM OF THE 3RD |
Vermont Lake Monsters batting - Pitching for Mahoning Valley Scrappers : RHP Joe Zeiset
|
Batting: RHB Ricardo Mariscal
|
0-0: Ball 1-0: Called Strike 1-1: Foul Ball, location: 2F 1-2: Ball 2-2: Foul Ball, location: 2F 2-2: Ball 3-2: Ground out 4-3 (Groundball, 4, EV 98.1 MPH)
|
Batting: RHB Carlos Martinez
|
0-0: Called Strike 0-1: Foul Ball, location: 2F 0-2: Strikes out swinging
|
Batting: LHB Henry Hutson
|
0-0: Ball 1-0: Fly out, F7 (Flyball, 7D, EV 101.9 MPH)
|
Bottom of the 3rd over - 0 runs, 0 hits, 0 errors, 0 left on base; Mahoning Valley 2 - Vermont 1 |
TOP OF THE 4TH |
Mahoning Valley Scrappers batting - Pitching for Vermont Lake Monsters : RHP Aaron Vallejo
|
Batting: RHB Jeremy Givens
|
0-0: Called Strike 0-1: Ground out 6-3 (Groundball, 6D, EV 111.9 MPH)
|
Batting: RHB Andy Lewis
|
0-0: DOUBLE (Line Drive, 7LS, EV 110.0 MPH)
|
Batting: RHB Willie Gonzales
|
0-0: Swinging Strike 0-1: Ball 1-1: Fly out, F7 (Flyball, 7S, EV 77.5 MPH)
|
Batting: RHB Gashie Chimsima
|
0-0: Ball 1-0: Foul Ball, location: 2F 1-1: Ball 2-1: Ball 3-1: Fly out, F3 (Popup, 3SF, EV 76.9 MPH)
|
Top of the 4th over - 0 runs, 1 hit, 0 errors, 1 left on base; Mahoning Valley 2 - Vermont 1 |
BOTTOM OF THE 4TH |
Vermont Lake Monsters batting - Pitching for Mahoning Valley Scrappers : RHP Joe Zeiset
|
Batting: LHB Cy Ostrowski
|
0-0: Ball 1-0: Ball 2-0: SINGLE (Groundball, 4MD, EV 95.0 MPH)
|
Batting: LHB Jose Zamarripa
|
0-0: Called Strike 0-1: Ball 1-1: Called Strike 1-2: Reached on error, E6 (Groundball, 6, EV 82.5 MPH) Cy Ostrowski to second
|
Batting: LHB Youp van Erp
|
0-0: Foul Ball, location: 2F 0-1: Fly out, F7 (Flyball, 7D, EV 100.6 MPH)
|
Batting: LHB Mario Cardona
|
0-0: Ball 1-0: Foul Ball, location: 2F 1-1: Ball 2-1: Foul Ball, location: 2F 2-2: Strikes out swinging
|
Batting: RHB Yasuzo Rin
|
0-0: Called Strike 0-1: Foul Ball, location: 2F 0-2: Ball 1-2: Strikes out swinging
|
Bottom of the 4th over - 0 runs, 1 hit, 1 error, 2 left on base; Mahoning Valley 2 - Vermont 1 |
TOP OF THE 5TH |
Mahoning Valley Scrappers batting - Pitching for Vermont Lake Monsters : RHP Aaron Vallejo
|
Batting: LHB Tom Bemis
|
0-0: Swinging Strike 0-1: Ball 1-1: Foul Ball, location: 2F 1-2: Strikes out swinging
|
Batting: LHB John Harring
|
0-0: Ball 1-0: Swinging Strike 1-1: Ball 2-1: Foul Ball, location: 2F 2-2: Strikes out looking
|
Batting: RHB Juan Padilla
|
0-0: Ball 1-0: Called Strike 1-1: Swinging Strike 1-2: Foul Ball, location: 2F 1-2: Strikes out swinging
|
Top of the 5th over - 0 runs, 0 hits, 0 errors, 0 left on base; Mahoning Valley 2 - Vermont 1 |
BOTTOM OF THE 5TH |
Vermont Lake Monsters batting - Pitching for Mahoning Valley Scrappers : RHP Joe Zeiset
|
Batting: RHB Oscar Avila
|
0-0: Ball 1-0: Swinging Strike 1-1: Swinging Strike 1-2: Strikes out swinging
|
Batting: RHB Ricardo Mariscal
|
0-0: Ball 1-0: Foul Ball, location: 2F 1-1: Ball 2-1: Ground out 5-3 (Groundball, 5, EV 81.3 MPH)
|
Batting: RHB Carlos Martinez
|
0-0: Ball 1-0: Ball 2-0: Ground out 1-3 (Groundball, 25, EV 69.4 MPH)
|
Bottom of the 5th over - 0 runs, 0 hits, 0 errors, 0 left on base; Mahoning Valley 2 - Vermont 1 |
TOP OF THE 6TH |
Mahoning Valley Scrappers batting - Pitching for Vermont Lake Monsters : RHP Aaron Vallejo
|
Batting: RHB Ryan Gautney
|
0-0: Called Strike 0-1: Ball 1-1: Ground out 6-3 (Groundball, 6MD, EV 85.6 MPH)
|
Batting: LHB Devon Grant
|
0-0: Foul Ball, location: 2F 0-1: Called Strike 0-2: Ground out 5-3 (Groundball, 56, EV 108.8 MPH)
|
Batting: RHB Jeremy Givens
|
0-0: Foul Ball, location: 2F 0-1: Ground out 4-3 (Groundball, 4, EV 81.9 MPH)
|
Top of the 6th over - 0 runs, 0 hits, 0 errors, 0 left on base; Mahoning Valley 2 - Vermont 1 |
BOTTOM OF THE 6TH |
Vermont Lake Monsters batting - Pitching for Mahoning Valley Scrappers : RHP Joe Zeiset
|
Pitching: LHP Victor Garcia
|
|
Batting: LHB Henry Hutson
|
0-0: Ball 1-0: SINGLE (Groundball, 4D, EV 100.0 MPH)
|
Batting: LHB Cy Ostrowski
|
0-0: Ball 1-0: Ball 2-0: Foul Ball, location: 2F 2-1: Ball 3-1: Called Strike 3-2: Strikes out swinging Henry Hutson is caught stealing 2nd base 2-6 Batter strikes out.
|
Pinch Hitting: RHB Casey Nicita
|
0-0: Ball 1-0: Foul Ball, location: 2F 1-1: Ball 2-1: SINGLE (Line Drive, 7S, EV 93.8 MPH)
|
Batting: LHB Youp van Erp
|
|
Pinch Hitting: RHB Sergio Torres
|
0-0: Ball 1-0: Called Strike 1-1: Ball 2-1: Foul Ball, location: 2F 2-2: Foul Ball, location: 2F 2-2: Foul Ball, location: 2F 2-2: Strikes out swinging
|
Bottom of the 6th over - 0 runs, 2 hits, 0 errors, 1 left on base; Mahoning Valley 2 - Vermont 1 |
TOP OF THE 7TH |
Mahoning Valley Scrappers batting - Pitching for Vermont Lake Monsters : RHP Aaron Vallejo
|
Now at 2B: Casey Nicita
|
|
Now in LF: Sergio Torres
|
|
Batting: RHB Andy Lewis
|
0-0: DOUBLE (Line Drive, 78M, EV 107.5 MPH)
|
Batting: RHB Willie Gonzales
|
0-0: Intentional Walk
|
Batting: RHB Gashie Chimsima
|
0-0: Ball 1-0: Called Strike 1-1: Foul Ball, location: 2F 1-2: Foul Ball, location: 2F 1-2: Ball 2-2: Foul Ball, location: 2F 2-2: Fly out, F9 (Line Drive, 9, EV 110.6 MPH)
|
Pitching: RHP Jesus Moreno
|
|
Batting: LHB Tom Bemis
|
0-0: Called Strike 0-1: Called Strike 0-2: Ball 1-2: Ball 2-2: Strikes out swinging
|
Batting: LHB John Harring
|
0-0: Called Strike 0-1: Swinging Strike 0-2: Ball 1-2: Foul Ball, location: 2F 1-2: Ball 2-2: Strikes out swinging
|
Top of the 7th over - 0 runs, 1 hit, 0 errors, 2 left on base; Mahoning Valley 2 - Vermont 1 |
BOTTOM OF THE 7TH |
Vermont Lake Monsters batting - Pitching for Mahoning Valley Scrappers : LHP Victor Garcia
|
Pinch Hitting: RHB Chris Montgomery
|
0-0: Ball 1-0: Ball 2-0: Ball 3-0: Called Strike 3-1: Base on Balls
|
Batting: RHB Yasuzo Rin
|
0-0: Bunt - Flyout to 13! F1
|
Batting: RHB Oscar Avila
|
0-0: Called Strike 0-1: Swinging Strike 0-2: SINGLE (Groundball, 56D, EV 102.5 MPH) Chris Montgomery to second
|
Batting: RHB Ricardo Mariscal
|
0-0: Ball 1-0: 3-RUN HOME RUN (Flyball, 7D, EV 100.0 MPH), Distance : 383 ft
|
Pitching: RHP Jeff Degel
|
|
Batting: RHB Carlos Martinez
|
0-0: Called Strike 0-1: Ground out 3-1 (Groundball, 34, EV 100.6 MPH)
|
Batting: LHB Henry Hutson
|
0-0: Ball 1-0: Called Strike 1-1: Fly out, F7 (Flyball, 78D, EV 88.1 MPH)
|
Bottom of the 7th over - 3 runs, 2 hits, 0 errors, 0 left on base; Mahoning Valley 2 - Vermont 4 |
TOP OF THE 8TH |
Mahoning Valley Scrappers batting - Pitching for Vermont Lake Monsters : RHP Jesus Moreno
|
Now at SS: Lu Tieh
|
|
Batting: RHB Juan Padilla
|
0-0: Ball 1-0: Ball 2-0: Ball 3-0: Base on Balls
|
Batting: RHB Ryan Gautney
|
0-0: Ball 1-0: Ball 2-0: Called Strike 2-1: Fielders Choice at 2nd, 1-4 (Groundball, 15S, EV 63.1 MPH)
|
Batting: LHB Devon Grant
|
0-0: Ball 1-0: Swinging Strike 1-1: Swinging Strike 1-2: Strikes out swinging
|
Batting: RHB Jeremy Givens
|
0-0: Ball 1-0: Ball 2-0: Ball 3-0: Called Strike 3-1: Base on Balls Ryan Gautney to second
|
Pitching: LHP Bobby Carroll
|
|
Pinch Runner at 2nd Ricky Cordova:
|
|
Batting: RHB Andy Lewis
|
0-0: Ball 1-0: Called Strike 1-1: Ball 2-1: Ball 3-1: Foul Ball, location: 2F 3-2: Strikes out swinging
|
Top of the 8th over - 0 runs, 0 hits, 0 errors, 2 left on base; Mahoning Valley 2 - Vermont 4 |
BOTTOM OF THE 8TH |
Vermont Lake Monsters batting - Pitching for Mahoning Valley Scrappers : RHP Jeff Degel
|
Now at 3B: Tetsuhiro Taki
|
|
Batting: LHB Cy Ostrowski
|
0-0: SINGLE (Groundball, 3D, EV 102.5 MPH)
|
Batting: RHB Casey Nicita
|
0-0: Ball 1-0: SINGLE (Groundball, 56D, EV 95.0 MPH) Cy Ostrowski to second
|
Batting: RHB Sergio Torres
|
0-0: Swinging Strike 0-1: Fly out, F4 (Flyball, 34D, EV 93.1 MPH)
|
Batting: RHB Lu Tieh
|
0-0: Ball 1-0: Hit by Pitch Cy Ostrowski to third Casey Nicita to second
|
DELAY
|
Rain delay of 64 minutes in the 8th inning.
|
Batting: RHB Yasuzo Rin
|
0-0: Ball 1-0: Ball 2-0: Ball 3-0: Base on Balls Cy Ostrowski scores Casey Nicita to third Lu Tieh to second
|
Batting: RHB Oscar Avila
|
0-0: Ball 1-0: Ball 2-0: Called Strike 2-1: Swinging Strike 2-2: Ball 3-2: Base on Balls Casey Nicita scores Lu Tieh to third Yasuzo Rin to second
|
Batting: RHB Ricardo Mariscal
|
0-0: Called Strike 0-1: Fly out, F8 (Flyball, 78D, EV 88.1 MPH) Runner from 3rd tags up, SCORES, throw by CF
|
Batting: RHB Carlos Martinez
|
0-0: Ball Passed Ball! Yasuzo Rin to third Oscar Avila to second 1-0: Foul Ball, location: 2F 1-1: Swinging Strike 1-2: Ball 2-2: Foul Ball, location: 2F 2-2: Ball 3-2: Base on Balls
|
Pitching: RHP Victor Amador
|
|
Batting: LHB Henry Hutson
|
0-0: Ball 1-0: Ball 2-0: Swinging Strike 2-1: Ball 3-1: Fly out, F7 (Flyball, 7LM, EV 89.4 MPH)
|
Bottom of the 8th over - 3 runs, 2 hits, 0 errors, 3 left on base; Mahoning Valley 2 - Vermont 7 |
TOP OF THE 9TH |
Mahoning Valley Scrappers batting - Pitching for Vermont Lake Monsters : LHP Bobby Carroll
|
Batting: RHB Willie Gonzales
|
0-0: Ball 1-0: Called Strike 1-1: Swinging Strike 1-2: Strikes out swinging
|
Batting: RHB Gashie Chimsima
|
0-0: Ball 1-0: Foul Ball, location: 2F 1-1: Ball 2-1: Foul Ball, location: 2F 2-2: Ball 3-2: Foul Ball, location: 2F 3-2: Foul Ball, location: 2F 3-2: Base on Balls
|
Batting: LHB Tom Bemis
|
0-0: Called Strike 0-1: Called Strike 0-2: Ball 1-2: Ball 2-2: Strikes out swinging
|
Pitching: LHP David Hoch
|
|
Batting: LHB John Harring
|
0-0: Called Strike 0-1: Ball 1-1: Called Strike 1-2: Foul Ball, location: 2F 1-2: Ball 2-2: Ball 3-2: Base on Balls Gashie Chimsima to second
|
Batting: RHB Juan Padilla
|
0-0: Ball 1-0: Ball 2-0: Called Strike 2-1: Swinging Strike 2-2: Ball 3-2: Foul Ball, location: 2F 3-2: Foul Ball, location: 2F 3-2: Foul Ball, location: 2F 3-2: Ground out 3-1 (Groundball, 34, EV 101.3 MPH)
|
Top of the 9th over - 0 runs, 0 hits, 0 errors, 2 left on base; Mahoning Valley 2 - Vermont 7 |
|